 Dungeon Crawl Stone Soup version 0.26.1-11-gd32895ea62 (webtiles) character file.

Game seed: 357344685110830091

11 phalm the Conjurer (level 2, 17/20 HPs)
             Began as a Demonspawn Conjurer on June 24, 2021.
             Quit the game on level 1 of the Dungeon.
             The game lasted 00:00:59 (349 turns).

phalm the Conjurer (Demonspawn Conjurer)             Turns: 349, Time: 00:01:00

Health: 17/20      AC:  4    Str:  7    XL:     2   Next: 13%
Magic:  1/5        EV: 12    Int: 19    God:
Gold:   22         SH:  0    Dex: 11    Spells: 4/5 levels left

rFire    . . .     SeeInvis .   e - +0 short sword
rCold    . . .     Faith    .   (no shield)
rNeg     . . .     Spirit   .   a - +0 robe
rPois    .         Reflect  .   (no helmet)
rElec    .         Harm     .   (no cloak)
rCorr    .         Rampage  .   (no gloves)
Will     .....                  (no boots)
Stlth    ++........             (no amulet)
HPRegen  0.06/turn              (no ring)
MPRegen  0.09/turn              (no ring)

@: no status effects
A: icy blue scales 1
a: no special abilities


You were on level 1 of the Dungeon.
You visited 1 branch of the dungeon, and saw 1 of its levels.

You collected 22 gold pieces.


Innate Abilities, Weirdness & Mutations

You are partially covered in icy blue scales. (AC +2)


   Skills:
 + Level 0.8 Fighting
 - Level 1.7 Dodging
 - Level 1.7 Stealth
 + Level 2.2 Spellcasting
 + Level 4.2 Conjurations


You had 4 spell levels left.
You knew the following spells:

 Your Spells              Type           Power        Failure   Level
m - Magic Dart            Conj           72%          3%          1

Your spell library contained the following spells:

 Spells                   Type           Power        Failure   Level
 Searing Ray              Conj           36%          4%          2
 Dazzling Flash           Conj/Hex       20%          22%         3
 Fulminant Prism          Conj/Hex       5%           56%         4
 Iskenderun's Mystic Bla  Conj/Tloc      10%          56%         4

Inventory:

Hand Weapons
 e - a +0 short sword (weapon)
   (You took it off a kobold on level 1 of the Dungeon)
Missiles
 b - 16 arrows
 d - 5 poisoned darts (quivered)
Armour
 a - a +0 robe (worn)
Potions
 c - a potion of flight {unknown}
 f - a potion of berserk rage {unknown}
 g - 2 potions of cancellation {unknown}

Dungeon Overview and Level Annotations

Branches:
Dungeon (1/15)

Altars:

#. # #. # #.#
# .. # #.## #
#..# #
#####.## #
#.†.@..# #
#.##.#.#
#######
#.##.#.#
......#
#.##.#..
#####.#
#.##.##.# ##
#.#######.##.#
.. .#
#.........##.#
#$. .#
#########....#
.. .# #.####


There were no monsters in sight!


Message History

Confirm with . or Enter, or press ? or * to list all spells.
Aiming: Magic Dart (safe; 3% risk of failure)
Press: ? - help, Shift-Dir - straight line, f/p - rat
Aim: a rat (heavily wounded, 0% to evade)
The magic dart hits the rat.
You kill the rat! 😎 MP[-1]
You lost 1 mp, and now have 1/3 mp.
A bat comes into view.
The bat barely misses you. 😎 MP[+2]
Your mp is fully restored (3).
Casting: Magic Dart (safe; 3% risk of failure)
Confirm with . or Enter, or press ? or * to list all spells.
Aiming: Magic Dart (safe; 3% risk of failure)
Press: ? - help, Shift-Dir - straight line, f - bat
Aim: a bat (0% to evade)
The magic dart hits the bat.
The bat closely misses you. The bat hits you.
The bat closely misses you. 😕 HP[-1] MP[-1]
You take 1 damage, and now have 13/14 hp.
You lost 1 mp, and now have 2/3 mp.
Casting: Magic Dart (safe; 3% risk of failure)
Confirm with . or Enter, or press ? or * to list all spells.
Aiming: Magic Dart (safe; 3% risk of failure)
Press: ? - help, Shift-Dir - straight line, f/p - bat
Aim: a bat (severely wounded, 0% to evade)
The magic dart hits the bat.
You kill the bat!
You have reached level 2!
Your demonic ancestry asserts itself...
Icy blue scales grow over part of your body. 😕 HP[+6] MP[-1]
You now have 20 max hp (+6).
You regained 6 hp, and now have 19/20 hp.
You now have 22 gold pieces (gained 7).
You see here a bat corpse. 😎 HP[+1] MP[+4]
Your hp is fully restored (20).
Your mp is fully restored (5).
A goblin comes into view.
Casting: Magic Dart (safe; 3% risk of failure)
Confirm with . or Enter, or press ? or * to list all spells.
Aiming: Magic Dart (safe; 3% risk of failure)
Press: ? - help, Shift-Dir - straight line, f - goblin
Aim: a goblin (asleep, 0% to evade)
The magic dart hits the goblin.
The goblin shouts!
A goblin comes into view. It is wielding a -3 club. 😎 MP[-1]
You lost 1 mp, and now have 4/5 mp.
Casting: Magic Dart (safe; 3% risk of failure)
Confirm with . or Enter, or press ? or * to list all spells.
Aiming: Magic Dart (safe; 3% risk of failure)
Press: ? - help, Shift-Dir - straight line, f/p - goblin
Aim: a goblin (moderately wounded, 0% to evade)
The magic dart hits the goblin.
The goblin shouts! 😎 MP[-1]
You lost 1 mp, and now have 3/5 mp.
Casting: Magic Dart (safe; 3% risk of failure)
Confirm with . or Enter, or press ? or * to list all spells.
Aiming: Magic Dart (safe; 3% risk of failure)
Press: ? - help, Shift-Dir - straight line, f/p - goblin
Aim: a goblin (heavily wounded, 0% to evade)
The magic dart hits the goblin.
The goblin misses you.
The goblin hits you with a cursed -3 club. 😕 HP[-2] MP[-1]
You take 2 damage, and now have 18/20 hp.
You lost 1 mp, and now have 2/5 mp.
Casting: Magic Dart (safe; 3% risk of failure)
Confirm with . or Enter, or press ? or * to list all spells.
Aiming: Magic Dart (safe; 3% risk of failure)
Press: ? - help, Shift-Dir - straight line, f/p - goblin
Aim: a goblin (heavily wounded, 0% to evade)
The magic dart hits the goblin.
The goblin hits you.
The goblin barely misses you. 😕 HP[-2] MP[-1]
You take 2 damage, and now have 16/20 hp.
You lost 1 mp, and now have 1/5 mp.
Unknown command.
Casting: Magic Dart (safe; 3% risk of failure)
Confirm with . or Enter, or press ? or * to list all spells.
Aiming: Magic Dart (safe; 3% risk of failure)
Press: ? - help, Shift-Dir - straight line, f/p - goblin
Aim: a goblin (almost dead, 0% to evade)
The magic dart hits the goblin.
You kill the goblin!
The goblin completely misses you. 😕 MP[-1]
You lost 1 mp, and now have 0/5 mp.
Casting: Magic Dart (safe; 3% risk of failure)
Confirm with . or Enter, or press ? or * to list all spells.
You don't have enough magic to cast that spell.
You hit the goblin.
You kill the goblin!
Things that are here:
a cursed -3 club; a goblin corpse
Things that are here:
a cursed -3 club; a goblin corpse; 😕 HP[+1] MP[+1] Are you sure you want to abandon this character and quit the game? (Confirm with "yes".)

Action                   || total
-------------------------++-------
Melee: Short sword       ||     1
 Cast: Magic Dart        ||    18
Dodge: Dodged            ||     6

Levels and vault maps discovered:
D:1:      lightli_arrival_quake, layout_basic

Notes
Turn   | Place    | Note
-------+----------+-------------------------------------------
     0 | D:1      | phalm the Demonspawn Conjurer began the quest for the Orb.
     0 | D:1      | Reached XP level 1. HP: 13/13 MP: 3/3
     0 | D:1      | magus.rc [v1.9.10]
   291 | D:1      | Gained mutation: You are partially covered in icy blue
                  | scales. (AC +2) [demonic ancestry]
   291 | D:1      | Reached XP level 2. HP: 19/20 MP: 1/5
   349 | D:1      | Quit the game

Vanquished Creatures
  An ooze (D:1)
  2 goblins (D:1)
  A kobold (D:1)
  2 bats (D:1)
  A rat (D:1)
7 creatures vanquished.

Table legend:
 A = Non-vault XP
 B = Vault XP
 C = Vault XP percentage of total XP
 D = Non-vault monster count
 E = Vault monster count
 F = Vault count percentage of total count
                 A         B        C        D         E       F
            +---------+---------+-------+---------+---------+-------
      Total |      16 |       0 |   0.0 |       7 |       0 |   0.0
            +---------+---------+-------+---------+---------+-------
        D:1 |      16 |       0 |   0.0 |       7 |       0 |   0.0
            +---------+---------+-------+---------+---------+-------

Illustrated notes

Table legend:
 A = Kills in this place as a percentage of kills in entire the game.
 B = Kills by you in this place as a percentage of kills by you in the entire game.
 C = Kills by friends in this place as a percentage of kills by friends in the entire game.
 D = Other kills in this place as a percentage of other kills in the entire game.
 E = Experience gained in this place as a percentage of experience gained in the entire game.
 F = Experience gained in this place divided by the number of levels of this place that you have seen.
                   A       B       C       D       E      F
               +-------+-------+-------+-------+-------+----------------------
         Total | 100.0 | 100.0 |   N/A |   N/A | 100.0 |  16.0
       Dungeon | 100.0 | 100.0 |   N/A |   N/A | 100.0 |  16.0
               +-------+-------+-------+-------+-------+----------------------

Table legend: (Time is in decaauts)
 A = Elapsed time spent in this place.
 B = Non-inter-level travel time spent in this place.
 C = Inter-level travel time spent in this place.
 D = Time resting spent in this place.
 E = Time spent auto-exploring this place.
 F = Levels seen in this place.
 G = Mean time per level.
                   A        B        C        D        E       F      G
               +--------+--------+--------+--------+--------+-----+--------+
         Total |    348 |    348 |      0 |      0 |    299 |   1 |  348.0 |
       Dungeon |    348 |    348 |      0 |      0 |    299 |   1 |  348.0 |
               +--------+--------+--------+--------+--------+-----+--------+

Top non-repeatable levels by time:
     D:1: 348 daAuts
